 Dungeon Crawl Stone Soup version 0.27.1-33-g824d729ab1 (webtiles) character file.

Game seed: 14589611909074378365

41430 MisterFreud the Severer (level 14, -4/134 (135) HPs)
             Began as a Hill Orc Abyssal Knight on Nov 29, 2021.
             Was a High Priest of Lugonu.
             Killed by divine providence
             ... invoked by an orc priest
              (12 damage)
             ... on level 2 of the Orcish Mines.
             The game lasted 00:29:42 (22617 turns).

MisterFreud the Severer (Hill Orc Abyssal Knight)  Turns: 22617, Time: 00:29:42

HP:   -4/134 (135)  AC: 24    Str: 20    XL:     14   Next: 15%
MP:   23/23         EV:  8    Int: 12    God:    Lugonu [*****.]
Gold: 37            SH: 11    Dex: 15    Spells: 13/13 levels left

rFire    . . .     SeeInvis .   j - +4 hand axe of Ozyemey {vorpal, Fly rC+ rN+}
rCold    + . .     Faith    +   y - +2 buckler {AC+3}
rNeg     + . .     Spirit   .   c - +0 chain mail
rPois    +         Reflect  .   (helmet restricted)
rElec    .         Harm     .   O - +4 cloak of the Green Hot Ocelot {Dex+3 Slay+2}
rCorr    .         Rampage  .   Q - +2 pair of gloves {Stlth+}
Will     ++...                  p - +0 pair of boots
Stlth    ..........             r - amulet of faith
HPRegen  0.32/turn              v - ring of poison resistance
MPRegen  0.18/turn              z - ring of willpower

@: flying, lightly drained
A: antennae 1, large bone plates 1, agile 1
a: Renounce Religion, Convert to Beogh, Depart the Abyss, Bend Space, Banish,
Corrupt, Enter the Abyss


You were on level 2 of the Orcish Mines.
You worshipped Lugonu.
Lugonu was extremely pleased with you.
You visited 3 branches of the dungeon, and saw 18 of its levels.
You visited the Abyss 1 time.

You collected 1203 gold pieces.
You spent 1166 gold pieces at shops.

Inventory:

Hand Weapons
 e - the +2 executioner's axe "Quripp" {flame, rC++ Str-4 Int+6}
   (You acquired it on level 7 of the Dungeon)

   It burns those it strikes, dealing additional fire damage.
   Big, fiery blades are also staple armaments of hydra-hunters.
   Str:       It affects your strength (-4).
   Int:       It affects your intelligence (+6).
   rC:        It greatly protects you from cold.
 j - the +4 hand axe of Ozyemey (weapon) {vorpal, Fly rC+ rN+}
   (You bought it in a shop on level 3 of the Dungeon)

   It inflicts extra damage upon your enemies.
   rC:        It protects you from cold.
   rN:        It protects you from negative energy.
   Fly:       It grants you flight.
 H - a +2 vorpal broad axe
 T - a +3 flail of protection
 U - the +11 trident of Zuizum {freeze, Str+3}
   (You found it on level 4 of the Lair of Beasts)

   It freezes those it strikes, dealing additional cold damage.
   It can also slow down cold-blooded creatures.
   Str:       It affects your strength (+3).
Missiles
 d - 49 poisoned darts (quivered)
 g - 154 bolts
 i - 23 boomerangs
 C - 5 curare-tipped darts
 M - 14 javelins
 S - 2 throwing nets
Armour
 c - a +0 chain mail (worn)
 p - a +0 pair of boots (worn)
 y - a +2 buckler of protection (worn)
 O - the +4 cloak of the Green Hot Ocelot (worn) {Dex+3 Slay+2}
   (You bought it in a shop on level 3 of the Dungeon)

   Dex:       It affects your dexterity (+3).
   Slay:      It affects your accuracy & damage with ranged weapons and melee
   (+2).
 Q - a +2 pair of gloves of stealth (worn)
Jewellery
 a - a ring of positive energy
 f - a +6 ring of dexterity
 q - a ring of wizardry
 r - an amulet of faith (around neck)
 v - a ring of poison resistance (left hand)
 z - a ring of willpower (right hand)
 I - a +6 ring of strength
Wands
 b - a wand of polymorph (31)
 m - a wand of mindburst (46)
 s - a wand of digging (4)
 x - a wand of paralysis (19)
 B - a wand of acid (19)
 G - a wand of flame (11)
Scrolls
 h - 4 scrolls of vulnerability
 l - 3 scrolls of silence
 E - a scroll of immolation
 K - 3 scrolls of amnesia
 L - 2 scrolls of fear
 N - 7 scrolls of teleportation
 R - 2 scrolls of blinking
 X - 2 scrolls of enchant armour
Potions
 k - 5 potions of brilliance
 n - 4 potions of haste
 o - a potion of cancellation
 t - 5 potions of attraction
 w - 2 potions of mutation
 A - 4 potions of curing
 D - a potion of ambrosia
 F - 3 potions of magic
 J - a potion of flight
 P - a potion of might
 V - 2 potions of berserk rage
 Z - a potion of degeneration


   Skills:
 - Level 15.0 Fighting
 + Level 17.0 Axes
 - Level 10.0 Armour
 - Level 0.7 Dodging
 - Level 4.0 Shields
 - Level 12.0 Invocations
 - Level 8.0 Evocations


You had 13 spell levels left.
You didn't know any spells.
Your spell library contained the following spells:

 Spells                   Type           Power      Damage    Failure   Level
 Beastly Appendage        Tmut           0%         N/A       93%         1
 Freeze                   Ice            0%         1d3       93%         1
 Sandblast                Erth           0%         2d4       93%         1
 Corpse Rot               Necr/Air       N/A        N/A       98%         2
 Passwall                 Tmut/Erth      0%         N/A       98%         2
 Wereblood                Tmut           0%         N/A       98%         2
 Conjure Flame            Conj/Fire      0%         6-21      100%        3
 Frozen Ramparts          Ice            0%         1d2       100%        3
 Ignite Poison            Fire/Tmut/Pois 0%         N/A       100%        3
 Spider Form              Tmut/Pois      0%         N/A       100%        3
 Dispel Undead            Necr           0%         3d6       100%        4
 Hailstorm                Conj/Ice       0%         3d3       100%        4
 Sticky Flame             Conj/Fire      0%         2d3       100%        4
 Blade Hands              Tmut           0%         N/A       100%        5
 Irradiate                Conj/Tmut      0%         3d13      100%        5
 Lee's Rapid Deconstruct  Erth           0%         3d5*      100%        5
 Death Channel            Necr           0%         N/A       100%        6
 Dragon Form              Tmut           0%         N/A       100%        7


Dungeon Overview and Level Annotations

Branches:
Dungeon (12/15)            Temple (0/1) D:6            Lair (4/6) D:11
  Swamp (0/4) Lair:4        Snake (0/4) Lair:4          Orc (2/2) D:9
    Elf: Orc:2

Altars:
Cheibriados
Elyvilon
Gozag
Hepliaklqana
Okawaru
Ru
Sif Muna
Trog
Xom
Beogh

Shops:
D:3 (([?[   D:7 *

Portals:
Trove: D:10 (give +4 storm dragon scales)

Annotations:
D:4 3 runed translucent doors, othur's ghost, amateur MiFi
Lair:2 3 runed translucent doors, Qicut's ghost, journeyman DsAK


Innate Abilities, Weirdness & Mutations

You have a pair of small antennae on your head.
You are partially covered in large bone plates. (SH +4)
You are agile. (Dex +2)


Message History

You hear a shout!
You block the orc priest's attack.
You hit the orc warrior but do no damage.
The orc warrior is heavily wounded.
You hit the orc priest but do no damage.
The orc warrior hits you from afar with a +0 glaive!
* * * LOW HITPOINT WARNING * * *
You block the orc warrior's attack.
Unknown command.
You barely miss the orc warrior.
The orc warrior is heavily wounded.
You slash the orc wizard! You hit the orc priest.
The orc priest hits you but does no damage.
You block the orc warrior's attack. You block the orc wizard's attack.
Unknown command.
You block the orc warrior's attack.
The orc priest invokes the aid of Beogh against you.
Beogh smites you!
* * * LOW HITPOINT WARNING * * *
Things that are here:
a +0 dagger; a +2 robe of willpower; a +0 club Unknown command.
The orc warrior hits you from afar with a +0 halberd.
* * * LOW HITPOINT WARNING * * *
The orc priest shouts, "Surrender to Beogh and we'll let you live!"
Items here: )) [ †.
The orc warrior throws a boomerang.
An orc priest comes into view. It is wielding a +0 flail.
The orc warrior throws a boomerang.
You block the boomerang. The orc wizard casts a spell at you.
The orc priest mumbles some strange prayers to Beogh against you.
Beogh smites you!
* * * LOW HITPOINT WARNING * * *
Things that are here:
a +0 giant spiked club; an ogre skeleton Something screams, "I'll kill you anyway!"
There is a stone staircase leading up here.
The orc priest mumbles some strange prayers to Beogh against you.
Beogh smites you!
You die...

##........#
#.........####
##...#.#...#.##
##.#..(#)....#
##...o#.....#
#......#...##
##..#.#.####
#.......#
........@#
........#.##
#...#..#####
##.##... ##
##.# ###


You could see an orc priest.

Vanquished Creatures
  Fannar (Lair:1)
  Harold (D:11)
  A centaur warrior (D:11)
  5 two-headed ogres
  Erica (Lair:1)
  2 death yaks (Lair:2)
  Urug (Lair:4)
  An orc high priest (Orc:2)
  Sonja (Lair:4)
  2 cyclopes
  2 orc sorcerers (Orc:2)
  5 elephants (Lair:3)
  3 centaur zombies
  5 black mambas
  7 cane toads
  A gargoyle (D:11)
  Maggie (D:8)
  Psyche (D:9)
  An unseen horror (D:11)
  A rime drake (Lair:4)
  9 komodo dragons
  2 trolls
  A polar bear (Lair:3)
  8 slime creatures
  A wraith (D:11)
  29 yaks
  Grum (D:8)
  4 basilisks
  A steam dragon (Lair:4)
  Menkaure (D:7)
  An acid dragon (D:5)
  2 swamp worms (Lair:4)
  13 water moccasins
  A black bear (Lair:1)
  9 orc warriors
  2 ice beasts
  A sky beast (D:3)
  4 centaurs
  3 necrophages
  3 ogres
  8 wolves
  3 phantoms
  A kobold brigand (D:6)
  10 bullfrogs
  A gnoll sergeant (D:6)
  2 wyvern zombies
  2 scorpions
  A wyvern skeleton (D:7)
  3 water moccasin skeletons
  13 killer bees
  13 wights
  A hound (D:5)
  2 jellies (D:7)
  21 orc priests
  A bullfrog skeleton (D:5)
  3 iguanas
  15 orc wizards
  A killer bee zombie (D:7)
  2 hound skeletons (D:4)
  A mummy (D:8)
  A howler monkey zombie (D:7)
  10 gnolls
  8 adders
  A dart slug (D:4)
  48 orcs
  8 ball pythons
  An endoplasm (D:4)
  3 giant cockroaches
  9 goblins
  5 hobgoblins
  9 kobolds
  3 bats
  2 frilled lizards
  5 rats
356 creatures vanquished.

Vanquished Creatures (others)
  An orc wizard (Orc:2)
  2 bushes (Lair:4)
  17 fungi
  36 plants
56 creatures vanquished.

Grand Total: 412 creatures vanquished

Notes
Turn   | Place    | Note
-------+----------+-------------------------------------------
     0 | Abyss:1  | MisterFreud the Hill Orc Abyssal Knight began the quest for
                  | the Orb.
     0 | Abyss:1  | Reached XP level 1. HP: 19/19 MP: 2/2
     3 | Abyss:1  | Found a corrupted altar of Lugonu.
    76 | Abyss:1  | Noticed an Executioner
    77 | D:1      | Escaped the Abyss
   162 | D:1      | Reached skill level 3 in Axes
   523 | D:1      | Reached XP level 2. HP: 26/26 MP: 3/3
   704 | D:1      | Reached * piety under Lugonu
  1178 | D:2      | Reached skill level 4 in Axes
  1282 | D:2      | Found a faded altar of an unknown god.
  1601 | D:2      | Reached XP level 3. HP: 21/31 MP: 4/4
  2364 | D:3      | Found Modyon's Antique Weapon Boutique.
  2407 | D:3      | Noticed a sky beast
  2421 | D:3      | Killed a sky beast
  2422 | D:3      | Reached skill level 5 in Axes
  2422 | D:3      | Reached XP level 4. HP: 30/39 MP: 5/5
  2422 | D:3      | Reached XP level 5. HP: 35/45 MP: 6/6
  2521 | D:3      | Reached skill level 6 in Axes
  2875 | D:3      | Reached ** piety under Lugonu
  2944 | D:3      | Reached XP level 6. HP: 48/51 MP: 7/7
  3039 | D:3      | Found Raerphot's Magic Scroll Shoppe.
  3102 | D:3      | Found Vecunour's Antique Weapon Shoppe.
  3243 | D:3      | Reached skill level 7 in Axes
  3409 | D:3      | Found Roit's Armour Boutique.
  3429 | D:3      | Found Rutwije's Armour Emporium.
  3915 | D:4      | Found a runed translucent gate.
  3915 | D:4      | Found a runed translucent gate.
  3915 | D:4      | Found a runed translucent gate.
  3916 | D:4      | Noticed othur's ghost (amateur MiFi)
  4221 | D:4      | HP: 2/51 [poisoned by a scorpion]
  4582 | D:4      | Reached skill level 8 in Axes
  4856 | D:4      | Reached XP level 7. HP: 51/57 MP: 8/8
  5201 | D:3      | Bought a steaming hand axe for 176 gold pieces
  5201 | D:3      | Identified the +4 hand axe of Ozyemey {vorpal, Fly rC+ rN+}
                  | (You bought it in a shop on level 3 of the Dungeon)
  5256 | D:5      | Entered Level 5 of the Dungeon
  5320 | D:5      | Reached skill level 5 in Armour
  5446 | D:5      | Reached skill level 9 in Axes
  5760 | D:5      | Reached *** piety under Lugonu
  5761 | D:5      | Reached XP level 8. HP: 25/67 MP: 9/9
  5771 | D:5      | Gained mutation: You have sharp fingernails. [potion of
                  | mutation]
  5771 | D:5      | Gained mutation: You sometimes lose the ability to read
                  | scrolls when taking damage. [potion of mutation]
  5771 | D:5      | Gained mutation: You have a pair of small horns on your
                  | head. [potion of mutation]
  5771 | D:5      | Gained mutation: You are partially covered in large bone
                  | plates. (SH +4) [potion of mutation]
  5784 | D:5      | Reached skill level 10 in Axes
  5791 | D:5      | Reached skill level 5 in Fighting
  6522 | D:6      | Found a shimmering blue altar of Sif Muna.
  6655 | D:6      | Found a staircase to the Ecumenical Temple.
  6715 | D:6      | Reached skill level 11 in Axes
  6993 | D:6      | Reached XP level 9. HP: 56/77 MP: 12/12
  7275 | D:6      | Noticed a troll
  7288 | D:6      | Killed a troll
  7289 | D:6      | Reached skill level 12 in Axes
  7289 | D:6      | Reached skill level 5 in Invocations
  7807 | D:7      | Identified a scroll of acquirement
  7807 | D:7      | Acquired the +2 executioner's axe "Quripp" {flame, rC++
                  | Str-4 Int+6}
  7812 | D:7      | Noticed Menkaure
  7821 | D:7      | Killed Menkaure
  8134 | D:7      | Reached **** piety under Lugonu
  8158 | D:7      | Found Girimoliu's General Store.
  8326 | D:7      | Reached skill level 13 in Axes
  8519 | D:7      | Found a faded altar of an unknown god.
  8520 | D:7      | Found a hazy altar of Hepliaklqana.
  8558 | D:8      | Found a snail-covered altar of Cheibriados.
  9044 | D:8      | Noticed a two-headed ogre
  9057 | D:8      | Killed a two-headed ogre
  9058 | D:8      | Reached skill level 14 in Axes
  9058 | D:8      | Reached XP level 10. HP: 51/88 MP: 15/15
  9559 | D:8      | Noticed Maggie
  9567 | D:8      | Noticed a two-headed ogre
  9577 | D:8      | Killed Maggie
  9578 | D:8      | Banished a two-headed ogre
  9586 | D:8      | Noticed Grum
  9627 | D:8      | Killed Grum
 10371 | D:8      | Lost mutation: You have a pair of small horns on your head.
                  | [potion of mutation]
 10371 | D:8      | Lost mutation: You sometimes lose the ability to read
                  | scrolls when taking damage. [potion of mutation]
 10371 | D:8      | Lost mutation: You have sharp fingernails. [potion of
                  | mutation]
 10371 | D:8      | Gained mutation: Your spells are a little easier to cast,
                  | but a little less powerful. [potion of mutation]
 10371 | D:8      | Gained mutation: You are agile. (Dex +2) [potion of
                  | mutation]
 10371 | D:8      | Gained mutation: You have a pair of small antennae on your
                  | head. [potion of mutation]
 10371 | D:8      | Lost mutation: Your spells are a little easier to cast, but
                  | a little less powerful. [potion of mutation]
 10463 | D:9      | Noticed Psyche
 10628 | D:9      | Killed Psyche
 10629 | D:9      | Reached skill level 10 in Fighting
 10784 | D:9      | Reached XP level 11. HP: 69/99 MP: 17/17
 11038 | D:3      | Bought a +2 buckler of protection for 279 gold pieces
 11343 | D:9      | Found a staircase to the Orcish Mines.
 11356 | D:9      | Reached skill level 1 in Shields
 11371 | D:9      | Reached ***** piety under Lugonu
 11712 | D:9      | Identified the +2 trident "Waulul" {vorpal, rElec rC-
                  | Stlth+}
 12326 | D:10     | Entered Level 10 of the Dungeon
 12491 | D:10     | Found a portal to a secret trove of treasure.
 12521 | D:10     | Noticed a two-headed ogre
 12534 | D:10     | Killed a two-headed ogre
 12535 | D:10     | Reached skill level 10 in Armour
 12615 | D:10     | Found a white marble altar of Elyvilon.
 12666 | D:10     | Reached skill level 1 in Evocations
 12938 | D:10     | Found an iron altar of Okawaru.
 12967 | D:10     | Noticed a two-headed ogre
 12977 | D:10     | Killed a two-headed ogre
 13331 | D:10     | Found an opulent altar of Gozag.
 13332 | D:10     | Found a shimmering altar of Xom.
 13333 | D:10     | Found a sacrificial altar of Ru.
 13334 | D:10     | Found a bloodstained altar of Trog.
 13357 | D:11     | Found a staircase to the Lair.
 13373 | D:11     | Noticed a centaur warrior
 13397 | D:11     | Noticed a two-headed ogre
 13400 | D:11     | Killed a centaur warrior
 13402 | D:11     | Banished a two-headed ogre
 13571 | D:11     | Noticed a two-headed ogre
 13586 | D:11     | Killed a two-headed ogre
 13587 | D:11     | Reached skill level 10 in Invocations
 13798 | D:11     | Noticed a two-headed ogre
 13798 | D:11     | Noticed a cyclops
 13814 | D:11     | Killed a two-headed ogre
 13815 | D:11     | Reached skill level 5 in Evocations
 13815 | D:11     | Reached XP level 12. HP: 71/106 MP: 19/19
 14020 | D:11     | Noticed Harold
 14036 | D:11     | Noticed a two-headed ogre
 14044 | D:11     | Banished a two-headed ogre
 14058 | D:11     | Killed Harold
 14854 | D:12     | Noticed a six-headed hydra
 14911 | Lair:1   | Entered Level 1 of the Lair of Beasts
 15008 | Lair:1   | Noticed Fannar
 15037 | Lair:1   | Killed Fannar
 15627 | Lair:1   | Noticed a five-headed hydra
 15629 | Lair:1   | Banished a five-headed hydra
 15687 | Lair:1   | Noticed Erica
 15711 | Lair:1   | Killed Erica
 16708 | Lair:2   | You are sucked into a shaft and drop 2 floors!
 16739 | Lair:4   | Reached XP level 13. HP: 115/122 MP: 22/22
 16767 | Lair:4   | Identified the +11 trident of Zuizum {freeze, Str+3}
 16993 | Lair:2   | Found a runed translucent gate.
 16993 | Lair:2   | Found a runed translucent gate.
 16993 | Lair:2   | Found a runed translucent gate.
 16994 | Lair:2   | Noticed a minotaur
 16995 | Lair:2   | Noticed Qicut's ghost (journeyman DsAK)
 17633 | Lair:2   | HP: 4/125 [cane toad (4)]
 18157 | Lair:3   | Reached skill level 15 in Fighting
 20210 | Lair:4   | Noticed Urug
 20210 | Lair:4   | Noticed Sonja
 20239 | Lair:4   | Killed Urug
 20240 | Lair:4   | Reached skill level 15 in Axes
 20243 | Lair:4   | Killed Sonja
 20517 | Lair:4   | Found a staircase to the Snake Pit.
 20765 | Lair:4   | Found a staircase to the Swamp.
 20788 | Lair:4   | HP: 6/126 [komodo dragon (21)]
 20801 | Lair:4   | Reached skill level 16 in Axes
 21301 | Lair:4   | Reached XP level 14. HP: 124/135 MP: 23/23
 21617 | D:3      | Bought a glowing broad axe for 203 gold pieces
 21731 | Orc:1    | Entered Level 1 of the Orcish Mines
 21875 | Orc:1    | Found a shimmering altar of Xom.
 21975 | Orc:1    | Found a roughly hewn altar of Beogh.
 22068 | Orc:2    | Entered Level 2 of the Orcish Mines
 22285 | D:3      | Bought the +4 cloak of the Green Hot Ocelot {Dex+3 Slay+2}
                  | for 508 gold pieces
 22586 | Orc:2    | Reached skill level 17 in Axes
 22611 | Orc:2    | HP: 6/134 [orc priest/divine providence (15)]
 22617 | Orc:2    | Killed from afar by an orc priest

Illustrated notes

Levels and vault maps discovered:
D:1:      minmay_arrival_diagonal_passages, layout_loops_ring
D:2:      layout_basic, basic_ecumenical_altar
D:3:      layout_loops_cross, serial_shops, shop, shop, nicolae_lakefront_shop,
          shop, nicolae_shop_temple_entry_statues_fountains, serial_bayou,
          serial_bayou_shore_b, serial_bayou_pond_e, serial_bayou_pond_e,
          serial_bayou_pond_d, st_stairs_4, minmay_misc_feat_four_crosses
D:4:      layout_gridville, gammafunk_ghost_necromancy
D:5:      layout_basic, minmay_large_rounded_square, minmay_chambers_of_fives
D:6:      layout_loops_ring, amcnicky_altar_gilded, minmay_temple_entry_grid,
          grunt_ministairs_3, hangedman_decor_diamond_cutter
D:7:      layout_cave_pools, beargit_hepliaklqana_dungeon_heroes, serial_shops,
          nicolae_shop_crystal, serial_bayou_crossing, uniq_menkaure
D:8:      layout_loops_cross, slow_altar_2, chequers_mini_garden, uniq_grum,
          uniq_maggie
D:9:      layout_rooms, orc_0_dummy, uniq_psyche
D:10:     layout_gridville, marbit_many_paths, old_standard_altar,
          mainiacjoe_overflow_alcove_3, nicolae_trove_entry_isolated
D:11:     layout_roguey, lair_entry_dummy, uniq_harold
D:12:     minmay_shrinking_squares, layout_rooms, kennysheep_dice
Lair:1:   layout_cave_shapes, grunt_megastairs_5, uniq_erica, uniq_fannar
Lair:2:   layout_cave_pods, maelrawn_ghost_gauntlet_escape
Lair:3:   layout_cave_pods, gauntlet_entry_generic
Lair:4:   layout_long_grid, minmay_swamp_entry_worms, dummy_snake_entry,
          serial_forest, infiniplex_forest_lined_room_,
          infiniplex_forest_straight_5, infiniplex_forest_straight_4,
          infiniplex_forest_clump_curved, infiniplex_forest_fountain,
          infiniplex_forest_straight_4, uniq_urug, uniq_sonja
Orc:1:    layout_caves, basic_altar, serial_shops, shop_statue,
          minmay_orc_temple_a
Orc:2:    st_orc_mages, layout_caves

Skill      XL: |  1  2  3  4  5  6  7  8  9 10 11 12 13 14 |
---------------+-------------------------------------------+-----
Axes           | 3 4 5 6 8 9 11 14 16 17 | 17.0
Armour         | 3 4 5 8 10 | 10.0
Fighting       | 4 6 8 10 13 15 | 15.0
Invocations    | 4 7 8 10 12 | 12.0
Shields        | 4 |  4.0
Evocations     | 5 6 8 |  8.0
Dodging        | |  0.7

Action                   |  1- 3 |  4- 6 |  7- 9 | 10-12 | 13-15 || total
-------------------------+-------+-------+-------+-------+-------++-------
Melee: Hand axe          |    96 |   163 |   321 |   685 |   639 ||  1904
       Headbutt          |       |       |    42 |    11 |       ||    53
Throw: Dart              |       |     6 |    12 |    11 |     1 ||    30
Invok: Depart the Abyss  |     1 |       |       |       |       ||     1
       Banish            |       |       |       |     4 |    15 ||    19
Evoke: Wand              |       |       |       |     2 |     1 ||     3
  Use: Scroll            |     5 |     5 |     5 |     5 |     6 ||    26
       Potion            |       |     1 |     4 |     1 |     2 ||     8
Armor: Chain mail        |    46 |   106 |   136 |   231 |   209 ||   728
       Leather armour    |     2 |       |       |       |       ||     2
       Skin              |       |       |    15 |       |       ||    15
Dodge: Dodged            |    37 |    46 |    73 |   107 |   143 ||   406
Block: Other             |       |       |    34 |    20 |       ||    54
       Buckler           |       |       |       |   190 |   244 ||   434
